 Dungeon Crawl Stone Soup version 0.28-a0-1184-g53156a8862 (webtiles) character file.

Game seed: 99210603190255407

131 karrick the Sneak (level 5, -1/37 HPs)
             Began as a Gnoll Enchanter on Dec 18, 2021.
             Slain by Ijyb (8 damage)
             ... on level 3 of the Dungeon.
             The game lasted 00:05:11 (3300 turns).

karrick the Sneak (Gnoll Enchanter)                 Turns: 3300, Time: 00:05:12

Health: -1/37      AC: -1    Str:  9    XL:     5   Next: 14%
Magic:  10/12      EV: 17    Int: 15    God:
Gold:   99         SH:  0    Dex: 12    Spells: 11/14 levels left

rFire   . . .      SeeInvis .   n - +0 dagger (venom)
rCold   . . .      Faith    .   (no shield)
rNeg    . . .      Spirit   .   b - +0 robe
rPois   .          Reflect  .   (no helmet)
rElec   .          Harm     .   (no cloak)
rCorr   .          Rampage  .   (no gloves)
Will    .....                   (no boots)
Stlth   +++.......              (no amulet)
HPRegen 0.12/turn               o - +4 ring of evasion
MPRegen 0.13/turn               (no ring)

@: corroded
A: fangs 1, strong nose, distributed training
a: no special abilities


You were on level 3 of the Dungeon.
You visited 1 branch of the dungeon, and saw 3 of its levels.

You collected 99 gold pieces.

Inventory:

Hand Weapons
 a - a +1 dagger
 n - a +0 dagger of venom (weapon)
Missiles
 j - 4 boomerangs (quivered)
 m - a throwing net
Armour
 b - a +0 robe (worn)
 g - a +0 leather armour
Jewellery
 o - a +4 ring of evasion (left hand)
Scrolls
 f - a scroll of vulnerability {unknown}
 i - a scroll of fog {unknown}
 k - a scroll of teleportation {unknown}
 l - a scroll of identify {unknown}
Potions
 c - a potion of invisibility
 d - 3 potions of flight {unknown}
 e - a potion of heal wounds {unknown}
 h - a potion of might {unknown}
 p - 2 potions of cancellation {unknown}
 q - a potion of haste {unknown}


   Skills:
 + Level 1.4 Fighting
 + Level 2.9 Short Blades
 + Level 1.4 Long Blades
 + Level 1.4 Axes
 + Level 1.4 Maces & Flails
 + Level 1.4 Polearms
 + Level 1.4 Staves
 + Level 1.4 Slings
 + Level 1.4 Bows
 + Level 1.4 Crossbows
 + Level 1.4 Throwing
 + Level 1.4 Armour
 + Level 4.7 Dodging
 + Level 6.1 Stealth
 + Level 1.4 Shields
 + Level 1.4 Unarmed Combat
 + Level 5.1 Spellcasting
 + Level 1.1 Conjurations
 + Level 5.5 Hexes
 + Level 1.1 Summonings
 + Level 1.1 Necromancy
 + Level 1.1 Translocations
 + Level 1.1 Transmutations
 + Level 1.1 Fire Magic
 + Level 1.1 Ice Magic
 + Level 1.1 Air Magic
 + Level 1.1 Earth Magic
 + Level 1.1 Poison Magic
 + Level 1.5 Invocations
 + Level 1.4 Evocations


You had 11 spell levels left.
You knew the following spells:

 Your Spells              Type           Power      Damage    Failure   Level
a - Confusing Touch       Hex            20%        N/A       4%          3

Your spell library contained the following spells:

 Spells                   Type           Power      Damage    Failure   Level
 Tukima's Dance           Hex            20%        N/A       4%          3
 Ensorcelled Hibernation  Hex/Ice        26%        N/A       6%          2
 Dazzling Flash           Conj/Hex       26%        N/A       12%         3


Dungeon Overview and Level Annotations

Branches:
Dungeon (3/15)

Altars:

Annotations:
D:3 Ijyb


Innate Abilities, Weirdness & Mutations

You have very sharp teeth.
Your uncanny sense of smell can sniff out nearby items.
Your experience applies equally to all skills.


Message History

HP restored.
Found a hand axe and a quarterstaff.
There is an open door here.
Found a robe.
Found a brown potion and a fizzy yellow potion.
q - a brown potion You see here a +0 hand axe.
d - 3 fizzy yellow potions (gained 1)
There is an open door here.
Ijyb the Twisted Goblin comes into view.
She is wielding a +0 club and carrying a wand of acid (8).
You hit Ijyb but do no damage.
Ijyb is poisoned.
Ijyb hits you with a +0 club.
Casting: Confusing Touch (dangerous; 4% risk of failure)
Confirm with . or Enter, or press ? or * to list all spells.
Your hands begin to glow red.
Ijyb zaps a wand.
The bolt of acid hits you!!
Ouch! That really hurt!
The acid corrodes you!
You barely miss Ijyb.
Ijyb is lightly wounded.
Ijyb misses you.
You barely miss Ijyb.
Ijyb is lightly wounded.
You hit Ijyb but do no damage.
Ijyb is moderately wounded.
Ijyb hits you with a +0 club!
* * * LOW HITPOINT WARNING * * *
You hit Ijyb but do no damage.
Ijyb appears confused.
Ijyb is moderately wounded.
Ijyb screams, "Me give you whole level! Then you leave me be!"
You hit Ijyb but do no damage.
Ijyb looks even sicker.
Ijyb is moderately wounded.
Ijyb completely misses you.
You barely miss Ijyb.
Ijyb is moderately wounded.
You hit Ijyb but do no damage.
Ijyb looks as sick as possible!
Ijyb is heavily wounded.
Ijyb barely misses you.
You hit Ijyb but do no damage.
Ijyb looks as sick as possible!
Ijyb is heavily wounded.
Ijyb hits you with a +0 club!
You die...

#.# #.# #.# #.# #.#
#.# #g# ##### #@#
....# #.# ###.# #.#
#.# ###### #.#
#.###.)..# #.# #
#)##.....## #.#
###.#....#..## #.#.#
.##.....###..# #.#.#
.#####.##[##.###.#.#


You could see Ijyb (confused, extremely poisoned).

Vanquished Creatures
  Jessica (D:3)
  An iguana (D:3)
  3 adders
  A worm (D:2)
  3 dart slugs
  2 orcs (D:3)
  4 bats
  4 endoplasms
  3 giant cockroaches
  3 goblins
  3 hobgoblins (D:1)
  6 kobolds (D:1)
  A quokka (D:2)
  5 ball pythons
  3 frilled lizards
  2 rats
45 creatures vanquished.

Notes
Turn   | Place    | Note
-------+----------+-------------------------------------------
     0 | D:1      | karrick the Gnoll Enchanter began the quest for the Orb.
     0 | D:1      | Reached XP level 1. HP: 13/13 MP: 6/6
   372 | D:1      | Reached XP level 2. HP: 19/19 MP: 7/7
   373 | D:1      | Found a faded altar of an unknown god.
  1258 | D:1      | Reached XP level 3. HP: 25/25 MP: 9/9
  1267 | D:1      | Reached skill level 5 in Spellcasting
  1764 | D:2      | Reached skill level 6 in Stealth
  1957 | D:2      | Learned a level 3 spell: Confusing Touch
  1993 | D:2      | Reached skill level 1 in Invocations
  2353 | D:2      | Reached skill level 1 in Fighting
  2353 | D:2      | Reached skill level 1 in Long Blades
  2353 | D:2      | Reached skill level 1 in Axes
  2353 | D:2      | Reached skill level 1 in Maces & Flails
  2353 | D:2      | Reached skill level 1 in Polearms
  2353 | D:2      | Reached skill level 1 in Staves
  2353 | D:2      | Reached skill level 1 in Slings
  2353 | D:2      | Reached skill level 1 in Bows
  2353 | D:2      | Reached skill level 1 in Crossbows
  2353 | D:2      | Reached skill level 1 in Throwing
  2353 | D:2      | Reached skill level 1 in Armour
  2353 | D:2      | Reached skill level 1 in Shields
  2353 | D:2      | Reached skill level 1 in Unarmed Combat
  2353 | D:2      | Reached skill level 1 in Evocations
  2776 | D:2      | Reached XP level 4. HP: 32/32 MP: 7/11
  2887 | D:3      | Reached skill level 1 in Conjurations
  2887 | D:3      | Reached skill level 1 in Summonings
  2887 | D:3      | Reached skill level 1 in Necromancy
  2887 | D:3      | Reached skill level 1 in Translocations
  2887 | D:3      | Reached skill level 1 in Transmutations
  2887 | D:3      | Reached skill level 1 in Fire Magic
  2887 | D:3      | Reached skill level 1 in Ice Magic
  2887 | D:3      | Reached skill level 1 in Air Magic
  2887 | D:3      | Reached skill level 1 in Earth Magic
  2887 | D:3      | Reached skill level 1 in Poison Magic
  2956 | D:3      | Noticed Jessica
  2963 | D:3      | Killed Jessica
  2964 | D:3      | Reached XP level 5. HP: 37/37 MP: 12/12
  3011 | D:3      | Noticed an ice beast
  3286 | D:3      | Noticed Ijyb
  3300 | D:3      | Slain by Ijyb

Illustrated notes

Levels and vault maps discovered:
D:1:      saegor_arrival_simple_c, layout_basic,
          chequers_ecumenical_altar_simple, minmay_quantized
D:2:      layout_rooms, grunt_decor_cap, kennysheep_generic_room_2
D:3:      layout_loops_ring, minmay_tree_intersection,
          chequers_serial_rivers_large_a, corexii_item_surrounded_by_moat,
          minmay_fractal_squares_gapless_5, uniq_robin, uniq_ijyb, uniq_jessica

Skill      XL: |  1  2  3  4 |
---------------+-------------+-----
Spellcasting   | 5 |  5.1
Stealth        | 6 |  6.1
Invocations    | 1 |  1.5
Fighting       | 1 |  1.4
Long Blades    | 1 |  1.4
Axes           | 1 |  1.4
Maces & Flails | 1 |  1.4
Polearms       | 1 |  1.4
Staves         | 1 |  1.4
Slings         | 1 |  1.4
Bows           | 1 |  1.4
Crossbows      | 1 |  1.4
Throwing       | 1 |  1.4
Armour         | 1 |  1.4
Shields        | 1 |  1.4
Unarmed Combat | 1 |  1.4
Evocations     | 1 |  1.4
Conjurations   | 1 |  1.1
Summonings     | 1 |  1.1
Necromancy     | 1 |  1.1
Translocations | 1 |  1.1
Transmutations | 1 |  1.1
Fire Magic     | 1 |  1.1
Ice Magic      | 1 |  1.1
Air Magic      | 1 |  1.1
Earth Magic    | 1 |  1.1
Poison Magic   | 1 |  1.1
Short Blades   | |  2.9
Dodging        | |  4.7
Hexes          | |  5.5

Action                   |  1- 3 |  4- 6 || total
-------------------------+-------+-------++-------
Melee: Dagger            |   171 |    31 ||   202
       Bite              |    12 |     1 ||    13
 Cast: Confusing Touch   |     3 |     3 ||     6
 Stab: Sleeping          |    13 |     3 ||    16
       Confused          |       |     1 ||     1
Armor: Robe              |    22 |       ||    22
Dodge: Dodged            |    89 |    17 ||   106

Table legend: (Time is in decaauts)
 A = Elapsed time spent in this place.
 B = Non-inter-level travel time spent in this place.
 C = Inter-level travel time spent in this place.
 D = Time resting spent in this place.
 E = Time spent auto-exploring this place.
 F = Levels seen in this place.
 G = Mean time per level.
                   A        B        C        D        E       F      G
               +--------+--------+--------+--------+--------+-----+--------+
         Total |   3274 |   3211 |     63 |    236 |   2398 |   3 | 1091.3 |
       Dungeon |   3274 |   3211 |     63 |    236 |   2398 |   3 | 1091.3 |
               +--------+--------+--------+--------+--------+-----+--------+

Top non-repeatable levels by time:
     D:1: 1672 daAuts
     D:2: 1162 daAuts
     D:3: 439 daAuts
